 Dungeon Crawl Stone Soup version 0.28-a0-991-g956f0ee3d5 (webtiles) character file.

Game seed: 10610390335620724969

66992 Artemis153 the Protected (level 15, -2/99 HPs)
             Began as a Gargoyle Fighter on Dec 4, 2021.
             Was the Champion of the Shining One.
             Slain by a spatial maelstrom (4 damage)
             ... on level 4 of the Abyss.
             The game lasted 02:04:21 (32338 turns).

Artemis153 the Protected (Gargoyle Fighter)        Turns: 32338, Time: 02:04:22

Health: -2/99      AC: 38    Str: 29    XL:     15   Next: 21%
Magic:  15/15      EV: 11    Int: 10    God:    the Shining One [******]
Gold:   1804       SH:  9    Dex:  9    Spells: 14/14 levels left

rFire   . . .      SeeInvis +   a - +3 trident (elec)
rCold   . . .      Faith    .   d - +3 warlock's mirror {reflect}
rNeg    + + +      Spirit   .   j - +4 chain mail
rPois   ∞          Reflect  +   n - +0 helmet
rElec   +          Harm     .   z - +0 cloak
rCorr   .          Rampage  .   R - +1 pair of gloves {Str+3}
Will    +....                   v - +2 pair of boots
Stlth   ..........              i - amulet of the acrobat
HPRegen 0.26/turn               Q - ring of see invisible
MPRegen 0.14/turn               (no ring)

@: flying, glowing
A: sickness immunity, AC +11, big wings, negative energy resistance 1,
electricity resistance, torment resistance 1, petrification resistance
a: Renounce Religion, Divine Shield, Cleansing Flame, Summon Divine Warrior,
Brand Weapon With Holy Wrath


You were on level 4 of the Abyss.
You worshipped the Shining One.
The Shining One was exalted by your worship.
You visited 4 branches of the dungeon, and saw 20 of its levels.
You visited the Abyss 1 time.

You collected 1804 gold pieces.

Inventory:

Hand Weapons
 a - a +3 trident of electrocution (weapon)
 l - a +0 hunting sling
Missiles
 g - 4 throwing nets (quivered)
 m - 110 sling bullets
 p - 376 stones
Armour
 c - a +2 chain mail of fire resistance
 d - the +3 warlock's mirror (worn) {reflect}
   (You acquired it on level 11 of the Dungeon)

   It can block and reflect piercing ranged attacks and magical attacks against
   the wielder's willpower.
 j - a +4 chain mail (worn)
 n - a +0 helmet (worn)
 v - a +2 pair of boots (worn)
 z - a +0 cloak (worn)
 A - a +1 plate armour
 R - a +1 pair of gloves of strength (worn)
Jewellery
 i - an amulet of the acrobat (around neck)
 y - an amulet of faith
 Q - a ring of see invisible (left hand)
Wands
 k - a wand of iceblast (17)
 s - a wand of digging (12)
 x - a wand of mindburst (21)
 C - a wand of flame (37)
 F - a wand of charming (5)
Scrolls
 b - 5 scrolls of magic mapping
 f - 5 scrolls of fog
 h - 4 scrolls of teleportation
 o - a scroll of identify
 q - a scroll of brand weapon
 r - 3 scrolls of silence {unknown}
 u - a scroll of enchant armour
 L - a scroll of summoning
Potions
 e - 4 potions of resistance
 w - 2 potions of cancellation
 B - 3 potions of attraction
 D - 3 potions of lignification
 K - 2 potions of haste
 N - 2 potions of berserk rage


   Skills:
 + Level 13.5 Fighting
 - Level 14.0 Polearms
 * Level 3.6 Slings
 + Level 14.7 Armour
 * Level 7.2 Dodging
 - Level 4.0 Stealth
 - Level 10.0 Shields


You had 14 spell levels left.
You didn't know any spells.
Your spell library contained the following spells:

 Spells                   Type           Power      Damage    Failure   Level
 Animate Skeleton         Necr           0%         N/A       77%         1
 Apportation              Tloc           0%         N/A       77%         1
 Beastly Appendage        Tmut           0%         N/A       77%         1
 Foxfire                  Conj/Fire      0%         2x1d4     77%         1
 Magic Dart               Conj           0%         1d3       77%         1
 Summon Small Mammal      Summ           0%         N/A       77%         1
 Corpse Rot               Necr/Air       0%         N/A       88%         2
 Poisonous Vapours        Pois/Air       0%         N/A       88%         2
 Searing Ray              Conj           0%         2d4       88%         2
 Wereblood                Tmut           0%         N/A       88%         2
 Conjure Flame            Conj/Fire      0%         6-21      98%         3
 Inner Flame              Hex/Fire       0%         N/A       98%         3
 Spider Form              Tmut/Pois      0%         N/A       98%         3
 Animate Dead             Necr           0%         N/A       100%        4
 Flame Wave               Conj/Fire      0%         2d4       100%        4
 Fulminant Prism          Conj/Hex       0%         3d6       100%        4
 Borgnjor's Vile Clutch   Necr/Erth      0%         N/A       100%        5
 Death Channel            Necr           0%         N/A       100%        6


Dungeon Overview and Level Annotations

Branches:
Dungeon (11/15)            Temple (1/1) D:4            Lair (6/6) D:8
 Shoals (0/4) Lair:3        Snake (0/4) Lair:2        Slime (0/5) Lair:5
    Orc (2/2) D:11            Elf (0/3) Orc:2

Altars:
Ashenzari
Cheibriados
Dithmenos
Elyvilon
Fedhas
Gozag
Hepliaklqana
Kikubaaqudgha
Makhleb
Nemelex Xobeh
Okawaru
Qazlal
Ru
Sif Muna
Trog
Uskayaw
Vehumet
Wu Jian
Xom
Yredelemnul
Zin
The Shining One

Shops:
D:5 !   Orc:2 :*[*

Annotations:
D:2 1 runed translucent door, exclusion: door, Crazy Yiuf
D:4 exclusion: orc
Lair:3 2 transporters, exclusion: downstairs, Athor's ghost, journeyman VSBr
Orc:2 Sonja


Innate Abilities, Weirdness & Mutations

You are immune to sickness and miasma.
Your stone body is resilient. (AC +11)
You are immune to poison.
Your large and strong wings let you fly.
You resist negative energy. (rN+)
You are resistant to electric shocks. (rElec)
You are resistant to unholy torment.
You are immune to petrification.


Message History

You block the spatial maelstrom's attack.
The spatial maelstrom misses you. x2
The spatial maelstrom misses you.
The spatial maelstrom hits you but does no damage.
The spatial maelstrom closely misses you.
The spatial maelstrom completely misses you.
A spatial vortex comes into view.
The spatial maelstrom completely misses you.
The spatial maelstrom barely misses you.
The spatial maelstrom misses you.
The spatial maelstrom hits you but does no damage.
You block the spatial maelstrom's attack.
The spatial maelstrom hits you but does no damage.
A spatial vortex comes into view. x2
You hit the spatial maelstrom.
The spatial maelstrom is lightly damaged.
You puncture the spatial maelstrom!
The spatial maelstrom is moderately damaged.
The spatial maelstrom hits you but does no damage.
The spatial maelstrom hits you.
* * * LOW HITPOINT WARNING * * *
Space warps around you.
* * * LOW HITPOINT WARNING * * *
You puncture the spatial maelstrom!
The spatial maelstrom is moderately damaged.
You block the spatial maelstrom's attack.
The spatial maelstrom misses you.
You puncture the spatial maelstrom!
The spatial maelstrom is heavily damaged.
The spatial maelstrom hits you but does no damage.
You block the spatial maelstrom's attack.
You puncture the spatial maelstrom!
The spatial maelstrom is severely damaged.
The spatial maelstrom hits you but does no damage. x2
You puncture the spatial maelstrom!
The spatial maelstrom is almost destroyed.
The spatial maelstrom hits you.
* * * LOW HITPOINT WARNING * * *
Space warps around you.
You die...

# # ..# . ##..
.#... # ... .# #
... ###.. #.# . #
..## ##...##..## #
. .
#.#.#...#..##.....
# #..#..@.......
#. .
#.#.#.v#.#..#..#..
####....###.#. .#.
##.#.#.##.# .##. .
. #. ...#...#
##..... . # #.....
.#.#.. ..### .# ##
......#....###.#..
. ... ...##.#..
.....## . .# . #
..v.......# #.#...
. #


You could see a spatial maelstrom.

Vanquished Creatures
  An eidolon (Abyss:3)
  Josephine (Orc:2)
  8 hydras
  2 boulder beetles
  3 two-headed ogres
  A catoblepas (Lair:6)
  Erica (D:9)
  3 death yaks (Lair:6)
  Urug (Lair:6)
  2 orc high priests (Orc:1)
  A lindwurm (Lair:6)
  3 orc knights
  6 orc sorcerers
  2 merfolk sirens (Lair:3)
  2 manticores (Lair:6)
  7 elephants
  7 black mambas
  An eye of devastation (Lair:5)
  2 torpor snails (Lair:6)
  16 cane toads
  An ice devil (Abyss:3)
  2 rime drakes
  6 komodo dragons
  2 merfolk (Lair:3)
  3 polar bears
  7 trolls
  3 hornets
  32 blink frogs
  9 dream sheep (Lair:6)
  2 shadows
  An air elemental (Abyss:3)
  7 wyverns
  4 wraiths
  46 yaks
  A steam dragon (D:8)
  4 basilisks
  5 vampire mosquitoes (D:11)
  2 fire bats (Abyss:3)
  4 wargs
  Menkaure (D:6)
  3 nagas (Lair:2)
  5 acid dragons
  25 water moccasins
  A floating eye (Lair:5)
  28 orc warriors
  A small abomination (Abyss:4)
  A sky beast (D:6)
  2 black bears
  2 ice beasts (D:7)
  A necrophage (D:6)
  8 ogres
  6 wolves
  2 kobold brigands
  12 bullfrogs
  3 scorpions
  A gnoll sergeant (D:8)
  A water moccasin zombie (D:5)
  A water moccasin skeleton (D:5)
  18 killer bees
  8 wights
  3 jellies
  A bullfrog skeleton (D:7)
  6 centaur zombies
  A centaur skeleton (D:6)
  18 orc priests
  2 gnoll shamans
  4 hounds
  Jessica (D:3)
  Ijyb (D:3)
  Terence (D:2)
  A scorpion zombie (D:5)
  Natasha (thrice) (D:2)
  20 orc wizards
  2 killer bee zombies
  A howler monkey zombie (D:8)
  19 gnolls
  7 adders
  A shadow imp (D:6)
  A white imp (D:7)
  An ufetubus (Abyss:3)
  5 worms
  A dart slug (D:3)
  50 orcs
  7 ball pythons
  2 bat zombies (D:9)
  4 endoplasms
  6 giant cockroaches
  8 goblins
  6 hobgoblins
  5 jackals
  12 kobolds
  A quokka (D:5)
  3 bats (D:2)
  2 frilled lizards (D:1)
  5 rats
552 creatures vanquished.

Vanquished Creatures (collateral kills)
  A two-headed ogre (D:11)
  A gargoyle (D:11)
  A vampire (D:11)
  An orc (D:11)
4 creatures vanquished.

Vanquished Creatures (others)
  An orc (Orc:2)
  A bush (Lair:6)
  46 fungi
  3 lurking horrors
  39 plants
  2 starspawn tentacles (Abyss:4)
92 creatures vanquished.

Grand Total: 648 creatures vanquished

Notes
Turn   | Place    | Note
-------+----------+-------------------------------------------
     0 | D:1      | Artemis153 the Gargoyle Fighter began the quest for the
                  | Orb.
     0 | D:1      | Reached XP level 1. HP: 14/14 MP: 1/1
    45 | D:1      | Reached XP level 2. HP: 14/19 MP: 2/2
   244 | D:1      | Found a faded altar of an unknown god.
   393 | D:1      | Reached XP level 3. HP: 24/24 MP: 3/3
   945 | D:2      | Reached XP level 4. HP: 29/29 MP: 4/4
  1043 | D:2      | Noticed Terence
  1089 | D:3      | Noticed Jessica
  1153 | D:3      | Noticed Natasha
  1174 | D:2      | Killed Natasha
  1354 | D:2      | Noticed Natasha
  1375 | D:2      | Killed Natasha
  1540 | D:2      | Noticed Natasha
  1549 | D:2      | Killed Natasha
  1550 | D:2      | Reached XP level 5. HP: 33/33 MP: 5/5
  1893 | D:2      | Found a runed translucent door.
  1894 | D:2      | Noticed Crazy Yiuf
  1918 | D:2      | You fall into a shaft and drop 2 floors!
  1919 | D:4      | Noticed an ogre
  2835 | D:2      | Killed Terence
  2954 | D:3      | Noticed Ijyb
  2980 | D:3      | Killed Ijyb
  2981 | D:3      | Reached XP level 6. HP: 34/38 MP: 6/6
  3050 | D:3      | Killed Jessica
  4151 | D:4      | Found a staircase to the Ecumenical Temple.
  4160 | Temple   | Entered the Ecumenical Temple
  4551 | Temple   | Became a worshipper of the Shining One
  4883 | D:3      | Reached skill level 1 in Dodging
  4883 | D:3      | Reached XP level 7. HP: 29/44 MP: 7/7
  5562 | D:5      | Entered Level 5 of the Dungeon
  5579 | D:5      | Reached skill level 5 in Armour
  5586 | D:5      | Reached skill level 5 in Polearms
  5934 | D:5      | Reached skill level 5 in Fighting
  6019 | D:5      | Found Guwinup's Distillery.
  6278 | D:5      | Reached XP level 8. HP: 41/49 MP: 8/8
  7067 | D:6      | Reached skill level 5 in Shields
  7310 | D:6      | Noticed a komodo dragon
  7378 | D:6      | Killed a komodo dragon
  7765 | D:6      | Reached * piety under the Shining One
  8181 | D:6      | Reached XP level 9. HP: 55/55 MP: 9/9
  8216 | D:6      | Noticed Menkaure
  8232 | D:6      | Killed Menkaure
  9162 | D:7      | Noticed a hornet
  9187 | D:7      | Killed a hornet
  9188 | D:7      | Reached skill level 1 in Stealth
 10499 | D:8      | Reached XP level 10. HP: 61/61 MP: 10/10
 10700 | D:8      | Reached ** piety under the Shining One
 10701 | D:8      | Found a staircase to the Lair.
 13097 | D:9      | Noticed Erica
 13129 | D:9      | Killed Erica
 13130 | D:9      | Reached skill level 10 in Polearms
 13556 | D:9      | Noticed a two-headed ogre
 14159 | D:9      | Reached XP level 11. HP: 57/68 MP: 11/11
 14253 | D:9      | Reached *** piety under the Shining One
 14260 | D:9      | Found an ancient bone altar of Kikubaaqudgha.
 15008 | D:10     | Entered Level 10 of the Dungeon
 16243 | D:10     | Noticed a two-headed ogre
 16303 | D:10     | Killed a two-headed ogre
 16304 | D:10     | Reached skill level 10 in Armour
 16507 | D:11     | Identified a scroll of acquirement
 16507 | D:11     | Acquired the +3 warlock's mirror {reflect}
 16507 | D:11     | Found the +3 warlock's mirror {reflect}
 16527 | D:11     | Reached **** piety under the Shining One
 16541 | D:11     | Noticed a two-headed ogre
 16549 | D:11     | Killed a two-headed ogre
 17035 | D:11     | Noticed a two-headed ogre
 17146 | D:11     | Killed a two-headed ogre
 17652 | D:11     | Found a staircase to the Orcish Mines.
 17701 | D:11     | Reached XP level 12. HP: 67/76 MP: 12/12
 18048 | D:8      | Killed a two-headed ogre
 18106 | Lair:1   | Entered Level 1 of the Lair of Beasts
 19270 | Lair:2   | Found a staircase to the Snake Pit.
 19297 | Lair:2   | Reached skill level 10 in Fighting
 19823 | Lair:2   | Noticed a four-headed hydra
 19845 | Lair:2   | Killed a four-headed hydra
 20712 | Lair:2   | Noticed a four-headed hydra
 20727 | Lair:2   | Killed a four-headed hydra
 21051 | Lair:2   | Noticed a seven-headed hydra
 21323 | Lair:3   | Noticed a boulder beetle
 21328 | Lair:3   | Reached XP level 13. HP: 80/83 MP: 13/13
 21710 | Lair:3   | Found a transporter.
 21719 | Lair:3   | Noticed Athor's ghost (journeyman VSBr)
 21976 | Lair:3   | Found a staircase to the Shoals.
 22164 | Lair:3   | Found a transporter.
 22774 | Lair:4   | Reached ***** piety under the Shining One
 23752 | Lair:5   | Reached skill level 5 in Dodging
 23779 | Lair:5   | Found a staircase to the Slime Pits.
 23784 | Lair:5   | Paralysed by a floating eye for 2 turns
 23793 | Lair:5   | Paralysed by a floating eye for 3 turns
 24854 | Lair:6   | Entered Level 6 of the Lair of Beasts
 25539 | Lair:5   | Gained mutation: Your large and strong wings let you fly.
                  | [Gargoyle growth]
 25539 | Lair:5   | Reached XP level 14. HP: 90/90 MP: 14/14
 26352 | Lair:5   | Found a staircase to the Slime Pits.
 27338 | Lair:6   | Noticed Urug
 27346 | Lair:6   | Killed Urug
 27635 | Lair:6   | Reached skill level 1 in Slings
 29059 | Orc:1    | Entered Level 1 of the Orcish Mines
 30025 | Orc:2    | Entered Level 2 of the Orcish Mines
 30025 | Orc:2    | Noticed Josephine
 30059 | Orc:2    | Killed Josephine
 30592 | Orc:1    | Reached XP level 15. HP: 73/98 MP: 15/15
 30825 | Orc:2    | Reached ****** piety under the Shining One
 30837 | Orc:2    | Reached skill level 10 in Shields
 30885 | Orc:2    | Found Ceimiepn's Book Emporium.
 31008 | Orc:2    | Found Agibuts's General Store.
 31028 | Orc:2    | Found a staircase to the Elven Halls.
 31077 | Orc:2    | Found Muicreh's Antique Armour Emporium.
 31282 | Orc:2    | Found Ucemp's General Store.
 31298 | Orc:2    | Noticed Sonja
 32012 | Orc:2    | Cast into level 2 of the Abyss (Sonja)
 32014 | Abyss:2  | Noticed a tentacled starspawn
 32035 | Abyss:2  | Noticed an Executioner
 32174 | Abyss:3  | Noticed a cacodemon
 32223 | Abyss:4  | Found a corrupted altar of Lugonu.
 32277 | Abyss:4  | Noticed an Executioner
 32296 | Abyss:4  | Noticed a tentacled starspawn
 32338 | Abyss:4  | HP: 2/99 [spatial maelstrom (3)]
 32338 | Abyss:4  | Slain by a spatial maelstrom

Illustrated notes

Levels and vault maps discovered:
D:1:      scummos_arrival_simple_crosswalls, layout_loops_ring,
          ebering_ecumenical_altar_ruins, st_stairs_13, nicolae_grassy_gnolls
D:2:      layout_basic, grunt_ministairs_12, uniq_crazy_yiuf_cottage,
          uniq_terence
D:3:      layout_rooms, uniq_ijyb, uniq_jessica, uniq_natasha
D:4:      layout_basic, minmay_temple_entry_water_ring, minmay_cut_off
D:5:      layout_basic, serial_shops, nicolae_square_shop, minivault_11
D:6:      layout_layer_cave, uniq_menkaure
D:7:      layout_cave_pools
D:8:      layout_gridville, erik_lair_orcish_takeover
D:9:      kennysheep_six_static_rooms, layout_irregular_city,
          lemuel_zombie_altar_kikubaaqudgha, evilmike_butchery, uniq_erica
D:10:     layout_irregular_city, serial_glass, glass_columns_b, glass_columns_c,
          grunt_ministairs_8, minivault_27
D:11:     layout_roguey, david_orc_4
Temple:   regret_index_temple_sigil_plot
Lair:1:   layout_roguey, chequers_serial_rivers_large_b
Lair:2:   nzn_winding_woodlands_large [nzn_winding_woodlands_5x5_default,
          nzn_winding_woodlands_5x15_eye, nzn_winding_woodlands_5x5_default,
          nzn_winding_woodlands_center_diamonds,
          nzn_winding_woodlands_15x15_thick_spiral,
          nzn_winding_woodlands_center_lodge, nzn_winding_woodlands_5x5_three,
          nzn_winding_woodlands_5x15_twine, nzn_winding_woodlands_5x5_default],
          layout_chaotic_city, guppyfry_snake_entry_island,
          small_statue_intersection
Lair:3:   layout_regular_city, elwin_shoals_entry_stream, nzn_ghost_randoct,
          serial_bayou_pond_b, grunt_megastairs_3
Lair:4:   layout_misc_corridors
Lair:5:   layout_small_grid, minmay_slime_entry_eyes
Lair:6:   hangedman_lair_in_review, layout_regular_city, uniq_urug
Orc:1:    layout_caves, nicolae_orc_rockfall
Orc:2:    grunt_orc_gardens, layout_caves, grunt_orc_garden, grunt_orc_garden,
          grunt_orc_garden, grunt_orc_garden, serial_shops, shop,
          nicolae_orc_bridge_out, mines2_david, uniq_josephine, uniq_sonja,
          uniq_azrael
Abyss:4:  base: Lair:6, hangedman_abyss_stitches_cave,
          evilmike_abyss_rune_siren_acolytes, doesnt_abyss_rune_brain_food,
          doesnt_abyss_rune_brain_food, evilmike_abyss_exit_6,
          hangedman_abyss_mock_shop, nicolae_abyss_rune_left_handed,
          gammafunk_abyss_rune_reverse_zot

Skill      XL: |  1  2  3  4  5  6  7  8  9 10 11 12 13 14 15 |
---------------+----------------------------------------------+-----
Polearms       | 2 3 4 5 7 9 10 12 13 14 | 14.0
Fighting       | 4 5 6 7 9 10 11 13 | 13.5
Armour         | 4 5 6 7 9 10 12 13 14 | 14.7
Shields        | 4 5 6 8 9 10 | 10.0
Dodging        | 1 2 3 5 6 7 |  7.2
Stealth        | 1 3 4 |  4.0
Slings         | 2 3 |  3.6

Action                   |  1- 3 |  4- 6 |  7- 9 | 10-12 | 13-15 || total
-------------------------+-------+-------+-------+-------+-------++-------
Melee: Trident           |    71 |   302 |   385 |   858 |  1222 ||  2838
  Use: Potion            |     1 |       |     1 |     2 |     6 ||    10
       Scroll            |       |       |    13 |    13 |     7 ||    33
Armor: Scale mail        |    22 |    92 |       |       |       ||   114
       Chain mail        |       |    75 |   170 |    78 |   197 ||   520
       Plate armour      |       |       |       |   349 |   423 ||   772
Dodge: Dodged            |    25 |   117 |   140 |   260 |   482 ||  1024
Block: Buckler           |     7 |    56 |    81 |   194 |   461 ||   799
       Reflection        |       |       |       |     4 |    15 ||    19

Table legend: (Time is in decaauts)
 A = Elapsed time spent in this place.
 B = Non-inter-level travel time spent in this place.
 C = Inter-level travel time spent in this place.
 D = Time resting spent in this place.
 E = Time spent auto-exploring this place.
 F = Levels seen in this place.
 G = Mean time per level.
                   A        B        C        D        E       F      G
               +--------+--------+--------+--------+--------+-----+--------+
         Total |  31779 |  30435 |   1344 |  11999 |  10827 |  23 | 1381.7 |
       Dungeon |  18120 |  17392 |    728 |   6669 |   6687 |  11 | 1647.3 |
        Temple |    422 |    289 |    133 |      0 |    270 |   1 |  422.0 |
          Lair |  10389 |   9922 |    467 |   3930 |   3471 |   6 | 1731.5 |
  Orcish Mines |   2542 |   2527 |     15 |   1346 |    398 |   2 | 1271.0 |
         Abyss |    305 |    305 |      0 |     53 |      0 |   3 |  101.7 |
               +--------+--------+--------+--------+--------+-----+--------+

Top non-repeatable levels by time:
  Lair:5: 2830 daAuts
     D:6: 2487 daAuts
     D:9: 2363 daAuts
     D:8: 2284 daAuts
  Lair:6: 2133 daAuts
  Lair:2: 2012 daAuts
     D:4: 1890 daAuts
   Orc:1: 1879 daAuts
     D:2: 1861 daAuts
    D:11: 1623 daAuts
     D:7: 1604 daAuts
    D:10: 1495 daAuts
  Lair:3: 1380 daAuts
  Lair:1: 1112 daAuts
     D:5: 1036 daAuts
